 Dungeon Crawl Stone Soup version 0.26-a0-43-g20b394cb32 (console) character file.

Game seed: 17274776151214564397

7 Kagalorn the Shield-Bearer (level 2, -9/19 HPs)
             Began as a Gargoyle Fighter on June 2, 2020.
             Mangled by a kobold
             ... wielding a +0 whip of distortion
              (16 damage)
             ... on level 1 of the Dungeon.
             The game lasted 00:00:22 (58 turns).

Kagalorn the Shield-Bearer (Gargoyle Fighter)         Turns: 58, Time: 00:00:23

Health: -9/19      AC:  9    Str: 19    XL:     2   Next: 0%
Magic:  2/2        EV:  7    Int:  8    God:
Gold:   8          SH:  9    Dex:  9    Spells: 1/1 levels left

rFire    . . .     SeeInvis .   a - +0 long sword
rCold    . . .     Gourm    .   c - +0 kite shield
rNeg     + . .     Faith    .   b - +0 scale mail
rPois    ∞         Spirit   .   (no helmet)
rElec    +         Reflect  .   (no cloak)
rCorr    .         Harm     .   (no gloves)
MR       .....                  (no boots)
Stlth    ..........             (no amulet)
HPRegen  0.06/turn              (no ring)
MPRegen  0.08/turn              (no ring)

@: no status effects
A: negative energy resistance 1, electricity resistance, unbreathing,
petrification resistance, rot immunity, AC +2
a: no special abilities


You were on level 1 of the Dungeon.
You were not hungry.

You visited 1 branch of the dungeon, and saw 1 of its levels.

You collected 8 gold pieces.

Inventory:

Hand Weapons
 a - a +0 long sword (weapon)
 e - a +1 mace of protection
Armour
 b - a +0 scale mail (worn)
 c - a +0 kite shield (worn)
Potions
 d - a potion of might
Comestibles
 f - 2 rations


   Skills:
 - Level 3.2 Fighting
 + Level 2.4 Long Blades
 - Level 3.2 Armour
 - Level 3.2 Shields


You had one spell level left.
You didn't know any spells.
Your spell library was empty.

Dungeon Overview and Level Annotations

Branches:
Dungeon (1/15)

Altars:


Innate Abilities, Weirdness & Mutations

You are resistant to torment.
Your stone body is resilient. (AC +2)
You are immune to poison.
You resist negative energy. (rN+)
You are resistant to electric shocks. (rElec)
You can survive without breathing.
You are immune to petrification.
You are immune to rotting.


Message History

You riposte.
Your scale mail prevents you from hitting the kobold.
The kobold is heavily wounded.
You hit the kobold but do no damage.
The kobold is heavily wounded.
The kobold throws a stone.
The stone barely misses you. The kobold hits you but does no damage.
You closely miss the kobold.
The kobold is heavily wounded.
The kobold hits you but does no damage.
You slash the kobold!
You kill the kobold!
You have reached level 2!
You closely miss the kobold. You block the kobold's attack.
You closely miss the kobold. The kobold hits you but does no damage.
Space bends around you.
The kobold hits you with a +0 whip of distortion.
Space warps horribly around you!
Ouch! That really hurt!
You die...

#...........
#..........%.
#.............
#..............
#..........##.#..##
#...........#..... .
#...K.......... .##.#
#...@.........##....
####)(.....#.....###.
#..(..............
##...........####.
#...........## ..
#............##..
#................
##..)....##♣♣♣.♣♣♣
#....)...# ♣⌠♣


You could see a kobold.

Vanquished Creatures
  3 hobgoblins (D:1)
  A kobold (D:1)
  A goblin (D:1)
  A rat (D:1)
6 creatures vanquished.

Notes
Turn   | Place    | Note
-------+----------+-------------------------------------------
     0 | D:1      | Kagalorn the Gargoyle Fighter began the quest for the Orb.
     0 | D:1      | Reached XP level 1. HP: 14/14 MP: 1/1
    55 | D:1      | Reached XP level 2. HP: 12/19 MP: 2/2
    58 | D:1      | Mangled by a kobold

Illustrated notes

Levels and vault maps discovered:
D:1:      scummos_arrival_forest, layout_rooms

Skill      XL: |  1 |
---------------+----+-----
Long Blades    | 2 |  2.4
Fighting       | |  3.2
Armour         | |  3.2
Shields        | |  3.2

Action                   || total
-------------------------++-------
Melee: Long sword        ||    28
Armor: Scale mail        ||    22
Dodge: Dodged            ||    15
Block: Kite shield       ||    18
       Rpst.: Long sword ||     5

Table legend:
 A = Non-vault XP
 B = Vault XP
 C = Vault XP percentage of total XP
 D = Non-vault monster count
 E = Vault monster count
 F = Vault count percentage of total count
                 A         B        C        D         E       F
            +---------+---------+-------+---------+---------+-------
      Total |      10 |       0 |   0.0 |       6 |       0 |   0.0
            +---------+---------+-------+---------+---------+-------
        D:1 |      10 |       0 |   0.0 |       6 |       0 |   0.0
            +---------+---------+-------+---------+---------+-------
